[Event "Team 45 45 League T73"]
[Site "Internet Chess Club"]
[Date "2017.07.21"]
[Round "6"]
[White "Bryant-L"]
[Black "jonesey"]
[Result "0-1"]
[WhiteElo "1686"]
[BlackElo "1887"]
[Opening "KGA: Quaade gambit"]
[ECO "C37"]
[Time "15:06:58"]
[TimeControl "2700+45"]

1. e4 e5 2. f4 exf4 3. Nf3 g5 4. Nc3 Bg7 5. h3 h5 6. Bc4 g4 7. O-O gxf3 8. Qxf3
Qg5 9. Nd5 Kd8 10. Nxf4 Qc5+ 11. Kh1 Qxc4 12. d3 Qc5 13. Nd5 f6 14. e5 Nc6 15.
exf6 Nxf6 16. Bg5 Ne7 17. Bxf6 Bxf6 18. Qxf6 Re8 19. Qf7 Qxd5 {White resigns}
0-1

[Event "Team 45 45 League T73"]
[Site "Internet Chess Club"]
[Date "2017.07.22"]
[Round "6"]
[White "LazyPeon"]
[Black "justice02"]
[Result "1-0"]
[WhiteElo "1655"]
[BlackElo "1656"]
[Opening "QGD Slav: 4.e3"]
[ECO "D11"]
[Time "16:00:45"]
[TimeControl "2700+45"]

1. d4 d5 2. c4 c6 3. Nf3 Nf6 4. e3 a6 5. Bd3 Nbd7 6. O-O g6 7. b3 Bg7 8. Bb2 O-O
9. Nbd2 Nh5 10. e4 Nf4 11. Bc2 dxe4 12. Nxe4 Qc7 13. Qd2 Nh5 14. Rfe1 Nhf6 15.
Nxf6+ Nxf6 16. h3 Re8 17. Re2 Bd7 18. Rae1 Bf8 19. Ba3 b5 20. Bxe7 Bg7 21. Ba3
Be6 22. Ng5 Bd7 23. Re7 h6 24. Nxf7 Rxe7 25. Rxe7 g5 26. Nxg5 hxg5 27. Qxg5 Ne8
28. Qg6 {Black resigns} 1-0

[Event "Team 45 45 League T73"]
[Site "Internet Chess Club"]
[Date "2017.07.24"]
[Round "6"]
[White "QuieroAprender"]
[Black "LookImYourVader"]
[Result "0-1"]
[WhiteElo "1598"]
[BlackElo "1767"]
[Opening "Queen's gambit accepted"]
[ECO "D20"]
[Time "19:31:24"]
[TimeControl "2700+45"]

1. d4 d5 2. c4 dxc4 3. Nc3 e5 4. d5 Nf6 5. e4 c6 6. Bxc4 Bb4 7. Qd3 O-O 8. Bg5
h6 9. Bh4 Nbd7 10. a3 Nc5 11. Qf3 Bxc3+ 12. bxc3 Ncxe4 13. Bd3 cxd5 14. Bxe4
dxe4 15. Qg3 Nh5 16. Bxd8 Nxg3 17. Bc7 Nxh1 18. Bxe5 Re8 19. Bd4 Bg4 20. h3 Bh5
21. g4 Bg6 22. O-O-O e3 23. Bxe3 Rxe3 24. fxe3 Nf2 25. Rd7 Be4 26. Re7 Kf8 27.
Rc7 Bc6 {White resigns} 0-1

[Event "Team 45 45 League T73"]
[Site "Internet Chess Club"]
[Date "2017.07.24"]
[Round "6"]
[White "ChessRooklift"]
[Black "vjbaker"]
[Result "1-0"]
[WhiteElo "1750"]
[BlackElo "1795"]
[Opening "Nimzovich-Larsen attack: classical variation"]
[ECO "A01"]
[Time "10:31:30"]
[TimeControl "2700+45"]

1. b3 d5 2. Bb2 Nf6 3. e3 Bf5 4. Nf3 e6 5. c4 c6 6. Nc3 Bd6 7. cxd5 exd5 8. Be2
h6 9. d3 Nbd7 10. O-O O-O 11. Qd2 a5 12. Rfc1 Qe7 13. Qd1 Ng4 14. Qd2 Nde5 15.
Nd4 Bd7 16. h3 Qh4 17. Bxg4 Nxg4 18. Nf3 Qh5 19. hxg4 Bxg4 20. Kf1 Bxf3 21. gxf3
Qxf3 22. Qd1 Qf5 23. Ke2 Rae8 24. Qg1 d4 25. Ne4 Qh5+ 26. Kf1 c5 27. Nf6+ {Black
resigns} 1-0

[Event "Team 45 45 League T73"]
[Site "Internet Chess Club"]
[Date "2017.07.23"]
[Round "6"]
[White "SlimeDog2"]
[Black "JJ12"]
[Result "0-1"]
[WhiteElo "2020"]
[BlackElo "2116"]
[Opening "Queen's pawn game, Darooha variation "]
[ECO "D02"]
[Time "15:03:39"]
[TimeControl "2700+45"]

1. d4 Nf6 2. Nf3 d5 3. g3 e6 4. Bg2 c5 5. O-O Nc6 6. c4 Be7 7. cxd5 Nxd5 8. Nc3
O-O 9. Nxd5 exd5 10. dxc5 Bxc5 11. a3 a5 12. Qc2 Bb6 13. Rd1 Be6 14. Ng5 g6 15.
Nxe6 fxe6 16. e3 Rc8 17. Bd2 Nd4 18. Qa4 Rc4 19. b4 Ne2+ {White resigns} 0-1

[Event "Team 45 45 League T73"]
[Site "Internet Chess Club"]
[Date "2017.07.27"]
[Round "6"]
[White "ANGELLR"]
[Black "searchforbobby1"]
[Result "0-1"]
[WhiteElo "1792"]
[BlackElo "2012"]
[Opening "Queen's pawn, Mason variation"]
[ECO "D00"]
[Time "21:02:46"]
[TimeControl "2700+45"]

1. d4 d5 2. Bf4 Nc6 3. e3 Bf5 4. c4 e6 5. Nc3 Bd6 6. Bxd6 Qxd6 7. c5 Qd8 8. Bb5
Ne7 9. Nf3 O-O 10. O-O h6 11. h3 a6 12. Ba4 b6 13. cxb6 cxb6 14. Rc1 b5 15. Bc2
Qd6 16. Qe2 Rfc8 17. Nh4 Bxc2 18. Rxc2 Rc7 19. Nf3 Rac8 20. Qd2 Na5 21. Rfc1 Nc4
22. Qe1 Nc6 23. a3 b4 24. Na4 bxa3 25. bxa3 Nxa3 26. Rc5 Nc4 27. Nd2 N6a5 28.
Nxc4 Nxc4 29. Rxc7 Qxc7 30. Nc5 a5 31. Rb1 Rb8 32. Ra1 Ra8 33. Qd1 Qc6 34. Qb3
e5 35. Ra2 exd4 36. exd4 Qb6 37. Qc2 Qf6 38. Qc3 Rb8 39. Nb3 Qf5 40. Nd2 Rb1+
41. Kh2 Qxf2 42. Nxc4 Qxa2 43. Ne5 Rb8 44. Qc7 Rf8 45. Nd7 Re8 46. Ne5 Qf2 47.
Qc6 Qf4+ 48. Kg1 Qxd4+ 49. Kh1 Qxe5 {White resigns} 0-1

[Event "Team 45 45 League T73"]
[Site "Internet Chess Club"]
[Date "2017.07.20"]
[Round "6"]
[White "ChessRooklift"]
[Black "Portola"]
[Result "1/2-1/2"]
[WhiteElo "1730"]
[BlackElo "1701"]
[Opening "French defense"]
[ECO "C00"]
[Time "18:03:59"]
[TimeControl "2700+45"]

1. e4 e6 2. Nc3 d5 3. exd5 exd5 4. d4 Nf6 5. Nf3 Be7 6. Bf4 c6 7. Bd3 O-O 8. h3
h6 9. Qd2 Be6 10. Bxh6 Ne4 11. Nxe4 dxe4 12. Bxe4 f5 13. Bxf5 Bxf5 14. Be3 Na6
15. a3 Nc7 16. Ne5 Nd5 17. O-O Nxe3 18. fxe3 Bd6 19. Nd3 Qh4 20. Rf3 Be4 21.
Rxf8+ Rxf8 22. Rf1 Rxf1+ 23. Kxf1 Qf6+ 24. Qf2 Bxd3+ 25. cxd3 Qg6 26. Ke2 c5 27.
dxc5 Bxc5 28. Qf3 Qe6 29. Qf4 b5 30. Kf3 Bd6 31. Qd4 Qf7+ 32. Ke4 Qe6+ 33. Kf3
Qf5+ 34. Ke2 Bg3 35. Qe4 Qf2+ 36. Kd1 Qe1+ 37. Kc2 Qe2+ 38. Kb1 Bf2 39. Qd5+ Kh7
40. Qf5+ Kg8 41. Qc8+ Kh7 42. Qf5+ Kg8 43. Qc8+ Kh7 44. Qf5+ Kg8 {Game drawn by
repetition} 1/2-1/2

[Event "Team 45 45 League T73"]
[Site "Internet Chess Club"]
[Date "2017.07.24"]
[Round "6"]
[White "kidcobra"]
[Black "TheRailgun"]
[Result "0-1"]
[WhiteElo "1848"]
[BlackElo "1921"]
[Opening "Sicilian: Smith-Morra gambit"]
[ECO "B21"]
[Time "21:25:30"]
[TimeControl "2700+45"]

1. e4 c5 2. d4 cxd4 3. c3 dxc3 4. Nxc3 Nc6 5. Nf3 d6 6. Bc4 a6 7. O-O Nf6 8. h3
e6 9. Qe2 Be7 10. Rd1 Qc7 11. Bf4 Ne5 12. Nxe5 dxe5 13. Be3 O-O 14. Rac1 Qb8 15.
Bb3 b5 16. g4 h6 17. h4 Nh7 18. g5 hxg5 19. hxg5 Bxg5 20. Bxg5 Nxg5 21. Qh5 f6
22. Kg2 b4 23. Nd5 exd5 24. Rh1 Bb7 25. Rc5 Qe8 26. Qh8+ Kf7 27. Rc7+ Ke6 28.
Qxg7 Rg8 29. exd5+ Bxd5+ 30. Bxd5+ Kxd5 31. Rd1+ Ke6 32. Qd7+ Qxd7 33. Rdxd7 Kf5
34. f4 Ne6+ 35. Kf2 Nxc7 36. Rxc7 e4 37. a3 bxa3 38. bxa3 Kxf4 39. a4 Rad8 40.
a5 e3+ 41. Kf1 Rd1+ 42. Ke2 Rd2+ 43. Kf1 Rf2+ 44. Ke1 Rg1# {White checkmated}
0-1

[Event "Team 45 45 League T73"]
[Site "Internet Chess Club"]
[Date "2017.07.23"]
[Round "6"]
[White "laurenpar"]
[Black "CaptK"]
[Result "1/2-1/2"]
[WhiteElo "1918"]
[BlackElo "1782"]
[Opening "English opening"]
[ECO "A16"]
[Time "22:01:43"]
[TimeControl "2700+45"]

1. c4 Nf6 2. Nc3 g6 3. Nf3 Bg7 4. g3 d6 5. Bg2 O-O 6. O-O c6 7. d3 e5 8. Rb1 a5
9. a3 Nbd7 10. b4 axb4 11. axb4 Re8 12. e4 Nf8 13. b5 Bg4 14. Be3 Ne6 15. h3
Bxf3 16. Bxf3 Nd4 17. Bg2 Ra3 18. Ne2 Nd7 19. Nxd4 exd4 20. Bc1 Ra7 21. Bd2 Ra2
22. Bb4 c5 23. Qb3 Qa8 24. Be1 Ra3 25. Qc2 Qa4 26. Qxa4 Rxa4 27. f4 Ra3 28. Rf3
Rea8 29. Bf1 Ra1 30. Rxa1 Rxa1 31. Kf2 Ra2+ 32. Be2 g5 33. Kf1 Ra1 34. Rf2 gxf4
35. gxf4 Bf6 36. Bg4 Nb6 37. Ke2 Na4 38. Bd2 Nc3+ 39. Kf3 Bh4 40. Bxc3 dxc3 41.
Rc2 Be1 42. e5 dxe5 43. fxe5 Bd2 44. Ke4 b6 45. d4 Re1+ 46. Kd5 cxd4 47. Kxd4
Rb1 48. Bf5 Rf1 49. Be4 Re1 50. Kd5 h6 51. c5 bxc5 52. Ra2 Bf4 53. b6 Rd1+ 54.
Kxc5 Bxe5 55. b7 Rd8 56. Ra8 Bb8 57. Kc4 Kf8 58. Kxc3 Ke7 59. Bf5 Kd6 60. Bc8
Kc7 61. Ra6 Rd6 62. Ra2 Rf6 63. Kd4 Rf4+ 64. Ke3 Rf6 65. Ra4 Kb6 66. Rb4+ Kc5
67. Re4 Kb6 68. Re7 Kc6 69. Bg4 Kd6 70. Re8 Kc7 71. Bc8 {Game drawn by mutual
agreement} 1/2-1/2

[Event "Team 45 45 League T73"]
[Site "Internet Chess Club"]
[Date "2017.07.30"]
[Round "6"]
[White "jjfchess"]
[Black "bobhill"]
[Result "0-1"]
[WhiteElo "1579"]
[BlackElo "1903"]
[Opening "Sicilian: dragon, Yugoslav attack, Rauser variation"]
[ECO "B76"]
[Time "15:10:57"]
[TimeControl "2700+45"]

1. e4 c5 2. Nf3 d6 3. d4 cxd4 4. Nxd4 Nf6 5. Nc3 g6 6. Be3 Bg7 7. f3 Nc6 8. Qd2
O-O 9. O-O-O d5 10. exd5 Nxd5 11. Nxc6 bxc6 12. Bd4 e5 13. Bc5 Qa5 14. Bxf8 Bxf8
15. Nxd5 Qxa2 16. Nc3 Qa1+ 17. Nb1 Rb8 18. Qc3 Bh6+ 19. Rd2 Rxb2 20. Qxb2 Bxd2+
21. Kxd2 Qxb2 22. Nc3 Qb6 23. Bd3 Qf2+ 24. Ne2 Qxg2 25. Rb1 Be6 26. Be4 Bc4 27.
Re1 c5 {White resigns} 0-1

[Event "Team 45 45 League T73"]
[Site "Internet Chess Club"]
[Date "2017.07.22"]
[Round "6"]
[White "pishd"]
[Black "primerpaso"]
[Result "1/2-1/2"]
[WhiteElo "1792"]
[BlackElo "1852"]
[Opening "Queen's pawn game"]
[ECO "D04"]
[Time "11:03:42"]
[TimeControl "2700+45"]

1. d4 Nf6 2. Nf3 d5 3. e3 g6 4. b4 Bg7 5. Nbd2 O-O 6. c4 dxc4 7. Nxc4 b6 8. a4
Bb7 9. Ba3 Nbd7 10. Be2 Rc8 11. O-O c5 12. bxc5 bxc5 13. Rc1 Ne4 14. Qd3 cxd4
15. exd4 Ndf6 16. Rfd1 Re8 17. Nfe5 Nd6 18. Nxd6 exd6 19. Rxc8 Bxc8 20. Nc6 Qb6
21. Bf3 d5 22. Ne7+ Kh8 23. Bc5 Qa5 24. Nxc8 Rxc8 25. Qb3 Re8 26. Qb4 Qc7 27.
Qb3 Qa5 {Game drawn by mutual agreement} 1/2-1/2

[Event "Team 45 45 League T73"]
[Site "Internet Chess Club"]
[Date "2017.07.23"]
[Round "6"]
[White "VictorRed"]
[Black "GrandUnified"]
[Result "1-0"]
[WhiteElo "1727"]
[BlackElo "1593"]
[Opening "QGD: semi-Slav, Marshall gambit"]
[ECO "D31"]
[Time "22:04:08"]
[TimeControl "2700+45"]

1. c4 e6 2. d4 d5 3. Nc3 c6 4. e4 dxe4 5. Nxe4 Nf6 6. Nxf6+ Qxf6 7. Nf3 Bb4+ 8.
Bd2 Bxd2+ 9. Qxd2 Nd7 10. O-O-O a5 11. d5 cxd5 12. cxd5 O-O 13. d6 Nc5 14. Bb5
Bd7 15. Bxd7 Nxd7 16. Qd4 Rfc8+ 17. Kb1 e5 18. Qg4 Nc5 19. d7 Rd8 20. Rd5 e4 21.
Ng5 Nd3 22. Qe2 Nf4 23. Qxe4 Nxd5 24. Qxd5 {Black forfeits on time} 1-0

[Event "Team 45 45 League T73"]
[Site "Internet Chess Club"]
[Date "2017.07.20"]
[Round "6"]
[White "servantofyhwh28"]
[Black "armand068new"]
[Result "0-1"]
[WhiteElo "1561"]
[BlackElo "1612"]
[Opening "Sicilian: Alapin's variation (2.c3)"]
[ECO "B22"]
[Time "22:05:47"]
[TimeControl "2700+45"]

1. e4 c5 2. c3 e6 3. d4 cxd4 4. cxd4 Nf6 5. Bd3 Nc6 6. Nf3 d5 7. e5 Ne4 8. Qe2
f5 9. exf6 Nxf6 10. O-O Bb4 11. Bd2 Bd6 12. Bb5 O-O 13. Bxc6 bxc6 14. Nc3 a5 15.
Ng5 Re8 16. Rfe1 e5 17. dxe5 Rxe5 18. Qd1 Bf5 19. Rxe5 Bxe5 20. f4 Bd4+ 21. Kh1
Ng4 22. Nh3 Rb8 23. Qa4 Qb6 24. Re1 Bc5 25. Ne2 Qxb2 26. Bc3 Qb5 27. Qxa5 Qxa5
28. Bxa5 Ra8 29. Ng3 Bd7 30. Bc3 Rxa2 31. Be5 d4 32. Ne4 Bb4 33. Rb1 c5 34. Bxd4
Bf5 35. Nhg5 cxd4 36. h3 Nf2+ {White resigns} 0-1

[Event "Team 45 45 League T73"]
[Site "Internet Chess Club"]
[Date "2017.07.24"]
[Round "6"]
[White "olivermx"]
[Black "kanishka"]
[Result "0-1"]
[WhiteElo "1336"]
[BlackElo "1617"]
[Opening "Pirc: classical system, 5.Be2"]
[ECO "B07"]
[Time "11:01:23"]
[TimeControl "2700+45"]

1. e4 d6 2. d4 g6 3. Nf3 Bg7 4. Be2 Nf6 5. Nc3 Nbd7 6. O-O O-O 7. Bf4 Nh5 8. Qd2
Nxf4 9. Qxf4 e5 10. dxe5 dxe5 11. Qe3 c6 12. Rad1 Qc7 13. Nd2 Nb6 14. Nc4 Be6
15. Nxb6 axb6 16. a3 Rfd8 17. Rd3 Rd4 18. Rfd1 Rad8 19. Bf3 Bc4 20. R3d2 b5 21.
b3 Be6 22. Ne2 Rxd2 23. Rxd2 Bf8 24. b4 b6 25. Ng3 c5 26. c3 Rd7 27. Be2 Bc4 28.
Bxc4 bxc4 29. Nf1 Qd8 30. Rxd7 Qxd7 31. Qd2 Qa7 32. Qa2 cxb4 33. cxb4 b5 34. Qb2
f6 35. Ne3 Qd4 36. Qc2 Bh6 37. Ng4 Qa1+ {White resigns} 0-1

[Event "Team 45 45 League T73"]
[Site "Internet Chess Club"]
[Date "2017.07.23"]
[Round "6"]
[White "Tobiasdelmonte"]
[Black "zepled37"]
[Result "0-1"]
[WhiteElo "1575"]
[BlackElo "1722"]
[Opening "Grünfeld: Stockholm variation"]
[ECO "D80"]
[Time "09:05:46"]
[TimeControl "2700+45"]

1. d4 Nf6 2. c4 g6 3. Nc3 d5 4. Bg5 Ne4 5. Nxe4 dxe4 6. e3 c5 7. d5 Bg7 8. Qd2
O-O 9. Ne2 h6 10. Bh4 Na6 11. Nc3 f5 12. Be2 Nc7 13. Rd1 Bf6 14. Bg3 Ne8 15. O-O
Nd6 16. b4 cxb4 17. Nb1 a5 18. c5 Nf7 19. d6 exd6 20. cxd6 Bd7 21. Bc4 Rc8 22.
Rc1 Kg7 23. a3 Qb6 24. Rfd1 Ne5 25. Bf1 Rc6 26. Qd5 Rxc1 27. Rxc1 Bc6 28. Qc5
Nd7 29. Qxb6 Nxb6 30. Rc5 Rd8 31. Rxa5 b3 32. h4 Ra8 33. Rc5 Nd7 34. Rc4 Ra5 35.
Rb4 b2 36. Bc4 Nc5 37. Kf1 Nd3 38. Bxd3 exd3 39. Ke1 Rxa3 40. Rxb7+ Bxb7 41.
Nxa3 Bxg2 42. Kd2 Kf7 43. h5 gxh5 44. Bf4 Ke6 45. Nb1 Bg5 46. Bh2 h4 47. Kc3
Bf6+ 48. Kc4 Bd5+ {White resigns} 0-1

[Event "Team 45 45 League T73"]
[Site "Internet Chess Club"]
[Date "2017.07.23"]
[Round "6"]
[White "justice02"]
[Black "Ajolote"]
[Result "0-1"]
[WhiteElo "1644"]
[BlackElo "1746"]
[Opening "Sicilian: Alapin's variation (2.c3)"]
[ECO "B22"]
[Time "19:01:22"]
[TimeControl "2700+45"]

1. e4 c5 2. c3 Nf6 3. e5 Nd5 4. d4 cxd4 5. cxd4 e6 6. a3 a5 7. Bd3 g6 8. h4 Bg7
9. h5 Nc6 10. hxg6 hxg6 11. Rxh8+ Bxh8 12. Qg4 Bg7 13. Nf3 d6 14. Nbd2 dxe5 15.
dxe5 Nxe5 16. Nxe5 Bxe5 17. Nc4 Bg7 18. Qg3 Qc7 19. Qf3 Bd7 20. Bd2 b5 21. Ne3
Qf4 22. Qe2 Nxe3 23. Bxe3 Qe5 24. Rb1 Rb8 25. Kf1 b4 26. Qd2 Bb5 27. Bf4 Bxd3+
28. Kg1 Qb5 29. Bxb8 Bxb1 30. Qd6 Qd7 31. Qc5 Qd1+ 32. Kh2 Qh5+ {White resigns}
0-1

[Event "Team 45 45 League T73"]
[Site "Internet Chess Club"]
[Date "2017.07.22"]
[Round "6"]
[White "Skeptic1972"]
[Black "Grenadier"]
[Result "1-0"]
[WhiteElo "1498"]
[BlackElo "1583"]
[Opening "Caro-Kann: Steinitz variation"]
[ECO "B17"]
[Time "11:59:17"]
[TimeControl "2700+45"]

1. e4 c6 2. d4 d5 3. Nc3 dxe4 4. Nxe4 Nd7 5. Nf3 Ngf6 6. Nxf6+ Nxf6 7. h3 Bf5 8.
Bd3 Bxd3 9. Qxd3 e6 10. O-O Be7 11. Be3 Nd5 12. Rad1 Qb6 13. c4 Nxe3 14. fxe3
O-O 15. b3 Rad8 16. Qe4 Qa5 17. Rf2 Qf5 18. Qxf5 exf5 19. Ne5 g6 20. Rdf1 Bg5
21. Rf3 f6 22. Nd3 Rfe8 23. Nf4 Re4 24. g3 Rde8 25. Kf2 Kf7 26. Rd1 Bxf4 27.
gxf4 Rd8 28. Rg3 h6 29. h4 Rde8 30. Rdg1 Rg8 31. Kf3 Rge8 32. Kf2 Rg8 33. Kf3 b6
34. R1g2 a6 35. Rg1 Ree8 36. Rd1 Rd8 37. Rg2 Rd7 38. Rdg1 Re7 39. Kf2 Ree8 40.
Kf3 Rg7 41. Kf2 Reg8 42. Kf3 g5 43. h5 g4+ 44. Kg3 Re8 45. Re2 Re4 46. Rgg2 Ke6
47. Re1 Re7 48. Rd2 Kd6 49. Rd3 Kc7 50. Kf2 Kb7 51. d5 c5 52. d6 Rd7 53. Rd5 Kc6
54. Rxf5 Rxd6 55. Kg3 Rde6 56. Kxg4 Kd7 57. Rd5+ Ke7 58. Kf3 Rd4 59. Rd1 Rxd5
60. Rxd5 Rd6 61. Rxd6 Kxd6 62. Ke4 Ke6 63. a3 b5 64. cxb5 axb5 65. a4 f5+ 66.
Kd3 bxa4 67. bxa4 Kd5 68. a5 c4+ 69. Kc3 Kc5 70. a6 Kb6 71. a7 Ka6 {Black
resigns} 1-0

[Event "Team 45 45 League T73"]
[Site "Internet Chess Club"]
[Date "2017.07.21"]
[Round "6"]
[White "GoIrish"]
[Black "nidusin2"]
[Result "0-1"]
[WhiteElo "1506"]
[BlackElo "1558"]
[Opening "Réti opening"]
[ECO "A04"]
[Time "21:05:06"]
[TimeControl "2700+45"]

1. Nf3 d6 2. g3 e5 3. d3 Nf6 4. Bg2 Nc6 5. O-O Be7 6. c4 Bg4 7. h3 Be6 8. Nc3
Qd7 9. Kh2 h6 10. Rb1 g5 11. b4 g4 12. Ng1 gxh3 13. Bxh3 Bxh3 14. Nxh3 h5 15.
Nd5 h4 16. Nxf6+ Bxf6 17. g4 Qxg4 18. Rg1 Qf5 19. Bg5 Nd4 20. Qd2 O-O-O 21. Be3
e4 22. Bxd4 Bxd4 23. e3 Be5+ 24. Nf4 exd3 25. Rbd1 Rdg8 26. Rxg8+ Rxg8 27. Qxd3
Bxf4+ 28. Kh1 Qh3# {White checkmated} 0-1

[Event "Team 45 45 League T73"]
[Site "Internet Chess Club"]
[Date "2017.07.22"]
[Round "6"]
[White "tuotuo123"]
[Black "Egmont"]
[Result "0-1"]
[WhiteElo "1440"]
[BlackElo "1698"]
[Opening "French: Tarrasch"]
[ECO "C03"]
[Time "07:08:37"]
[TimeControl "2700+45"]

1. e4 e6 2. d4 d5 3. Nd2 Be7 4. Bd3 c5 5. c3 cxd4 6. cxd4 dxe4 7. Nxe4 Nc6 8.
Nf3 Nf6 9. Bg5 Nxe4 10. Bxe7 Qa5+ 11. b4 Nxb4 12. Bxb4 Qxb4+ 13. Nd2 Nxd2 14.
Qxd2 Qxd2+ 15. Kxd2 Bd7 16. Rac1 Bc6 17. f3 h6 18. Rhe1 Kd7 19. Be4 Rhc8 20.
Bxc6+ Rxc6 21. Rxc6 Kxc6 22. Rc1+ Kd7 23. Kd3 a6 24. Ke4 b5 25. g4 Ra7 26. d5
exd5+ 27. Kxd5 Rc7 28. Rxc7+ Kxc7 29. Kc5 Kb7 30. a3 g5 31. h3 Kc7 32. Kd5 Kb6
33. Kd4 a5 34. Kc3 Kc5 35. Kb3 Kd4 36. Kc2 Ke3 37. Kc3 Kxf3 38. Kd4 b4 39. a4
Kg3 40. Kc4 Kxh3 41. Kb5 b3 {White resigns} 0-1

[Event "Team 45 45 League T73"]
[Site "Internet Chess Club"]
[Date "2017.07.23"]
[Round "6"]
[White "RD1974"]
[Black "kwen2008"]
[Result "1-0"]
[WhiteElo "1575"]
[BlackElo "1557"]
[Opening "Giuoco Piano"]
[ECO "C50"]
[Time "19:09:52"]
[TimeControl "2700+45"]

1. e4 e5 2. Bc4 Bc5 3. Nf3 Nc6 4. O-O Nf6 5. d3 O-O 6. Bg5 h6 7. Be3 Bb6 8. Nc3
d6 9. Nd5 Nxd5 10. exd5 Nd4 11. Nxd4 Bxd4 12. c3 Bb6 13. d4 exd4 14. Bxd4 Bxd4
15. Qxd4 Qg5 16. f4 Qg6 17. Rf3 Qc2 18. Rg3 g6 19. Rf1 Qxb2 20. f5 g5 21. Qh4
Qb6+ 22. Kh1 Kg7 23. f6+ Kh7 24. Bd3+ Kg8 25. Rxg5+ hxg5 26. Qh7# {Black
checkmated} 1-0

[Event "Team 45 45 League T73"]
[Site "Internet Chess Club"]
[Date "2017.07.21"]
[Round "6"]
[White "skywise"]
[Black "julesraider"]
[Result "0-1"]
[WhiteElo "1452"]
[BlackElo "1574"]
[Opening "Caro-Kann: advance variation"]
[ECO "B12"]
[Time "16:00:23"]
[TimeControl "2700+45"]

1. e4 c6 2. d4 d5 3. e5 c5 4. Nf3 Bg4 5. Be2 Nc6 6. Bb5 Bxf3 7. Qxf3 e6 8. dxc5
Bxc5 9. Nd2 a6 10. Bxc6+ bxc6 11. Nb3 Ba7 12. O-O Ne7 13. Rd1 Ng6 14. Qg3 Qc7
15. Qc3 c5 16. Be3 Rc8 17. Qa5 Qxa5 18. Nxa5 Nxe5 19. b4 d4 20. Bf4 Ng6 21. Bd6
cxb4 22. Bxb4 Ne7 23. Bxe7 Kxe7 24. Rab1 Rhd8 25. Rb7+ Rd7 26. Rxd7+ Kxd7 27.
Nb3 e5 28. f4 f6 29. Rd2 Ke6 30. Kf1 Rc3 31. g3 Bb6 32. Ke2 Re3+ 33. Kf2 Kf5 34.
Rd3 Rxd3 35. cxd3 exf4 36. Kf3 fxg3 37. hxg3 h5 38. Nd2 Ba5 39. Ne4 g5 40. Nc5
Bb4 41. Nxa6 Bd6 42. a3 Bxa3 43. Nc7 Ke5 44. Ne8 Bf8 45. Nc7 f5 46. Na8 Bc5 47.
Nc7 Kf6 48. Nd5+ Ke6 49. Nc7+ Ke5 50. Ne8 Bf8 51. Nc7 g4+ 52. Kg2 Bh6 53. Na6
Bd2 54. Nc5 Bg5 55. Na4 h4 56. gxh4 Bxh4 57. Nb2 f4 58. Nc4+ Kd5 59. Nd2 f3+ 60.
Nxf3 gxf3+ 61. Kxf3 Kc5 62. Ke4 Bf6 63. Kf5 Bh8 64. Ke4 Kb4 65. Kf3 Kc3 66. Ke2
Bg7 {White resigns} 0-1

[Event "Team 45 45 League T73"]
[Site "Internet Chess Club"]
[Date "2017.07.21"]
[Round "6"]
[White "Zugzwanged"]
[Black "PolishRyszard"]
[Result "1/2-1/2"]
[WhiteElo "1677"]
[BlackElo "1818"]
[Opening "Sicilian: closed"]
[ECO "B23"]
[Time "15:30:27"]
[TimeControl "2700+45"]

1. e4 c5 2. Nc3 a6 3. f4 b5 4. Nf3 Bb7 5. d3 e6 6. g3 d5 7. Bg2 b4 8. Na4 dxe4
9. Ng5 Nf6 10. Nxe4 Nxe4 11. Bxe4 Bxe4 12. dxe4 Qxd1+ 13. Kxd1 Nd7 14. Be3 Be7
15. Ke2 h5 16. h3 Rc8 17. Rad1 Rc7 18. Rd2 O-O 19. Rhd1 Nf6 20. Kf3 Rb8 21. f5
Rbb7 22. b3 e5 23. Nb2 Nd7 24. Nc4 f6 25. Na5 Ra7 26. Nc4 Kf8 27. g4 hxg4+ 28.
hxg4 a5 29. Rh1 Kg8 30. Rdh2 a4 31. Rh8+ Kf7 32. R1h2 axb3 33. axb3 Ra2 34. Rg2
Rca7 35. Rc8 Ra8 36. Rxa8 Rxa8 37. Rd2 Ra7 38. Rd5 Rc7 39. Rd2 Ra7 40. Rd5 Rc7
41. Kg3 Nf8 42. Nd6+ Bxd6 43. Rxd6 Ke7 44. Rd5 Nd7 45. g5 c4 46. Rb5 cxb3 47.
cxb3 Rc3 48. gxf6+ gxf6 49. Kf2 Rxb3 50. Bd2 Rb2 51. Ke3 Rb3+ 52. Ke2 Kd6 53.
Rxb4 Rh3 54. Rb5 Kc6 55. Rb4 Nc5 56. Be3 Rh2+ 57. Kf3 Rh3+ 58. Ke2 Rh2+ 59. Kf3
Rh3+ 60. Ke2 Rh2+ {Game drawn by repetition} 1/2-1/2

[Event "Team 45 45 League T73"]
[Site "Internet Chess Club"]
[Date "2017.07.23"]
[Round "6"]
[White "liujf"]
[Black "bayoumicardio10"]
[Result "0-1"]
[WhiteElo "1559"]
[BlackElo "1536"]
[Opening "Pirc: Holmov system"]
[ECO "B07"]
[Time "16:09:03"]
[TimeControl "2700+45"]

1. e4 d6 2. d4 Nf6 3. Nc3 g6 4. Bc4 Bg7 5. Nf3 O-O 6. O-O Nc6 7. Re1 e5 8. dxe5
dxe5 9. Be3 Be6 10. Bb3 Qe7 11. h3 Rad8 12. Qe2 Nd4 13. Bxd4 exd4 14. Nb5 a6 15.
Nbxd4 Bxb3 16. Nxb3 Nh5 17. c3 Nf4 18. Qc2 Rd3 19. Nbd2 Rfd8 20. Rad1 Qd7 21.
Kh2 Bh6 22. Ne5 Rxh3+ 23. Kg1 Qe7 24. gxh3 Qg5+ 25. Ng4 Nxh3+ 26. Kh2 Qxg4 27.
c4 Bf4+ 28. Kh1 Nxf2# {White checkmated} 0-1

[Event "Team 45 45 League T73"]
[Site "Internet Chess Club"]
[Date "2017.07.20"]
[Round "6"]
[White "pokerram"]
[Black "Xbug"]
[Result "1/2-1/2"]
[WhiteElo "1563"]
[BlackElo "1196"]
[Opening "QGD Slav: 4.e3"]
[ECO "D11"]
[Time "16:00:31"]
[TimeControl "2700+45"]

1. Nf3 d5 2. d4 c6 3. c4 Nf6 4. e3 Bg4 5. h3 Bxf3 6. Qxf3 Nbd7 7. Nc3 Qc7 8.
cxd5 cxd5 9. Nxd5 Nxd5 10. Qxd5 e6 11. Qb3 Be7 12. Bd2 O-O 13. Rc1 Qb6 14. Qxb6
Nxb6 15. b3 Rac8 16. Rxc8 Rxc8 17. Bd3 Nd5 18. O-O Nb4 19. Bxb4 Bxb4 20. Rd1 h6
21. Be4 b6 22. g4 Kf8 23. Bd3 Ke7 24. Bc4 Rd8 25. d5 Kf6 26. Kg2 g5 27. f4 Bc5
28. Kf3 exd5 29. Rxd5 Rxd5 30. Bxd5 Kg6 31. f5+ Kf6 32. Ke4 Ke7 33. Kd3 f6 34.
e4 Kd6 35. Ke2 Ke5 36. Kf3 Kd4 37. Kg3 Kc3 38. h4 Bd6+ 39. Kh3 b5 40. a4 bxa4
41. bxa4 Kb4 42. Bc6 {Game drawn by mutual agreement} 1/2-1/2

[Event "Team 45 45 League T73"]
[Site "Internet Chess Club"]
[Date "2017.07.22"]
[Round "6"]
[White "Gojira"]
[Black "idjit"]
[Result "0-1"]
[WhiteElo "1621"]
[BlackElo "1634"]
[Opening "Queen's pawn game"]
[ECO "A46"]
[Time "10:01:50"]
[TimeControl "2700+45"]

1. d4 Nf6 2. Nf3 e6 3. Bf4 b6 4. e3 Bb7 5. Nbd2 Be7 6. h3 O-O 7. Bd3 c5 8. c3 d6
9. O-O Nbd7 10. Qe2 a6 11. Rad1 Qc7 12. Bh2 Rfe8 13. Rfe1 e5 14. dxe5 Nxe5 15.
Nxe5 dxe5 16. Nc4 Bf8 17. e4 b5 18. Nxe5 Rxe5 19. Bxe5 Qxe5 20. g3 c4 21. Bc2
Re8 22. Kh2 Nxe4 23. Rd4 f5 24. Bxe4 fxe4 25. f4 Qf5 26. b4 cxb3 27. axb3 Bc5
28. Rd2 a5 29. Ra1 b4 30. cxb4 Bxb4 31. Rc2 Qe6 32. Rc7 Ba6 33. Qh5 e3 34. Rac1
e2 35. R7c6 Qe3 36. Qd5+ Kh8 37. Rxa6 Qxc1 38. Qf7 e1=Q {White resigns} 0-1